 Dungeon Crawl Stone Soup version 0.28.0-1-gb440e238dd (webtiles) character file.

Game seed: 16487050086404945951

3026 CrazyMind the Carver (level 9, -11/79 HPs)
             Began as a Red Draconian Berserker on Feb 19, 2022.
             Was a Priest of Trog.
             Mangled by Harold (24 damage)
             ... on level 7 of the Dungeon.
             The game lasted 00:21:46 (9485 turns).

CrazyMind the Carver (Red Draconian Berserker)      Turns: 9485, Time: 00:21:47

Health: -11/79     AC:  6    Str: 23    XL:     9   Next: 55%
Magic:  9/9        EV:  6    Int:  8    God:    Trog [***...]
Gold:   249        SH:  0    Dex: 11    Spells: 8/8 levels left

rFire   + . .      SeeInvis .   a - +0 falchion
rCold   . . .      Faith    .   v - +0 kite shield
rNeg    . . .      Spirit   .   (armour unavailable)
rPois   .          Reflect  .   (helmet restricted)
rElec   .          Harm     .   B - +1 cloak
rCorr   .          Rampage  .   p - +0 pair of gloves
Will    ++...                   (no boots)
Stlth   +.........              (no amulet)
HPRegen 1.23/turn               (no ring)
MPRegen 0.11/turn               (no ring)

@: strong-willed, corroded, on berserk cooldown, held, regenerating, slowed,
very slow
A: breathe fire, AC +7, unfitting armour, fire resistance 1, cold-blooded
a: Breathe Fire, Renounce Religion, Berserk, Trog's Hand


You were on level 7 of the Dungeon.
You worshipped Trog.
Trog was most pleased with you.
You visited 1 branch of the dungeon, and saw 7 of its levels.

You collected 249 gold pieces.

Inventory:

Hand Weapons
 a - a +0 falchion (weapon)
 h - a +0 short sword
Missiles
 g - a boomerang
 w - 6 poisoned darts (quivered)
 y - 3 atropa-tipped darts
Armour
 p - a +0 pair of gloves (worn)
 v - a +0 kite shield (worn)
 B - a +1 cloak (worn)
Jewellery
 q - a ring of fire
Wands
 b - a wand of paralysis (4)
Scrolls
 c - 3 scrolls of magic mapping {unknown}
 d - 2 scrolls of fear {unknown}
 i - 2 scrolls of fog {unknown}
 j - 3 scrolls of identify {unknown}
 k - 2 scrolls of teleportation {unknown}
 o - a scroll of amnesia {unknown}
 r - a scroll of immolation {unknown}
 s - a scroll of holy word {unknown}
 t - 2 scrolls of blinking
 u - a scroll of enchant weapon {unknown}
Potions
 e - a potion of heal wounds {unknown}
 f - 3 potions of attraction
 l - a potion of cancellation
 m - a potion of curing
 n - a potion of mutation {unknown}
 x - a potion of lignification {unknown}
 z - a potion of flight {unknown}
 A - a potion of haste {unknown}


   Skills:
 + Level 7.1 Fighting
 + Level 9.3 Long Blades
 + Level 5.7 Dodging
 - Level 0.4 Stealth
 + Level 5.8 Shields
 + Level 1.0 Evocations


You had 8 spell levels left.
You didn't know any spells.
Your spell library was empty.

Dungeon Overview and Level Annotations

Branches:
Dungeon (7/15)             Temple (0/1) D:7

Altars:

Shops:
D:3 :

Portals:
Abyss: D:6

Annotations:
D:6 2 transporters, paps's ghost, novice OpFi
D:7 Harold


Innate Abilities, Weirdness & Mutations

You can breathe blasts of fire.
Your fiery red scales are hard. (AC +7)
You cannot fit into any form of body armour.
Your flesh is heat resistant. (rF+)
You are cold-blooded and may be slowed by cold attacks.


Message History

Harold the Weathered comes into view.
He is wielding a +0 battleaxe and carrying a wand of acid (8).
Harold shouts!
Harold casts a spell at you. A sentinel's mark forms upon you.
Harold gestures at you while chanting. The mark upon you grows brighter.
Harold zaps a wand.
The bolt of acid hits you!! The acid corrodes you!
Harold fires a harpoon shot at you. The harpoon shot hits you!
You are yanked forward by the harpoon shot.
An orc priest comes into view. It is wielding a +0 whip.
Found a staircase to the Ecumenical Temple.
Harold zaps a wand.
The bolt of acid misses you.
It was a potion of cancellation.
Your magical effects are unravelling.
You feel magically purged.
The sentinel's mark upon you fades away.
You are no longer corroded.
Harold throws a throwing net.
The throwing net hits you.
You become entangled in the net!
Your skin crawls.
You feel strong-willed.
A red film seems to cover your vision as you go berserk!
You feel yourself moving faster!
You feel mighty!
The orc priest shouts!
Harold hits you with a +0 battleaxe!
You struggle against the net.
You feel a strong urge to attack something.
Harold zaps a wand.
The bolt of acid hits you!!
You struggle against the net.
You struggle against the net.
You feel your anger nearly subside.
Harold zaps a wand.
The bolt of acid hits you!!
* * * LOW HITPOINT WARNING * * *
The acid corrodes you!
You struggle against the net.
You are no longer berserk.
You are exhausted.
You feel yourself slow down. Harold hits you with a +0 battleaxe!!
You die...

...# #...# ...# #...#
.> ...# #...# .# ...#
#...# .# ##.#
#...###o####
##.########..........#
##...................#
###########..........#
. #.....@....# #
#.....@....# #
#..........#
#..........#
#..........#
#..........#
############


You could see Harold and an orc priest.

Vanquished Creatures
  Sigmund (D:3)
  6 yaks
  Menkaure (D:5)
  A water moccasin (D:7)
  An orc warrior (D:7)
  A black bear (D:6)
  A necrophage (D:5)
  2 ogres
  A centaur (D:6)
  3 bullfrogs
  Blork the orc (D:4)
  A scorpion (D:5)
  A wyvern skeleton (D:6)
  A bullfrog zombie (D:6)
  2 jellies
  An orc priest (D:5)
  A gnoll shaman (D:6)
  3 hounds
  A centaur skeleton (D:4)
  Crazy Yiuf (D:6)
  3 iguanas
  A bullfrog skeleton (D:5)
  5 orc wizards
  Natasha (twice) (D:3)
  A hound skeleton (D:4)
  A howler monkey zombie (D:4)
  A howler monkey skeleton (D:7)
  7 adders
  8 gnolls
  2 white imps (D:6)
  An ufetubus (D:5)
  An adder skeleton (D:4)
  4 worms
  6 dart slugs
  10 orcs
  11 endoplasms
  5 giant cockroaches
  5 goblins
  7 hobgoblins
  8 jackals (D:1)
  A quokka (D:1)
  8 ball pythons
  5 bats
  4 frilled lizards
  9 kobolds
  3 rats
150 creatures vanquished.

Vanquished Creatures (others)
  A plant (D:1)
1 creature vanquished.

Grand Total: 151 creatures vanquished

Notes
Turn   | Place    | Note
-------+----------+-------------------------------------------
     0 | D:1      | CrazyMind the Draconian Berserker began the quest for the
                  | Orb.
     0 | D:1      | Reached XP level 1. HP: 19/19 MP: 1/1
   232 | D:1      | Reached XP level 2. HP: 26/26 MP: 2/2
   605 | D:1      | Reached XP level 3. HP: 33/33 MP: 3/3
   850 | D:1      | Found a faded altar of an unknown god.
   892 | D:1      | Reached ** piety under Trog
  1765 | D:2      | Reached XP level 4. HP: 36/40 MP: 4/4
  1901 | D:2      | Reached skill level 4 in Long Blades
  2817 | D:3      | Noticed Sigmund
  2889 | D:3      | Found Xow Asm's Book Shop.
  2896 | D:3      | Noticed Natasha
  2907 | D:3      | Killed Natasha
  3259 | D:3      | Noticed Natasha
  3264 | D:3      | Killed Natasha
  3265 | D:3      | Reached XP level 5. HP: 47/47 MP: 5/5
  3748 | D:4      | Reached skill level 5 in Long Blades
  3750 | D:4      | Noticed an ogre
  4041 | D:4      | Reached XP level 6. HP: 52/53 MP: 6/6
  4279 | D:4      | Noticed Blork the orc
  5245 | D:5      | Entered Level 5 of the Dungeon
  5245 | D:5      | Noticed a yak
  5245 | D:5      | Noticed a yak
  5245 | D:5      | Noticed a yak
  5245 | D:5      | Noticed a yak
  5245 | D:5      | Noticed a yak
  5245 | D:5      | Noticed a yak
  5259 | D:3      | Killed a yak
  5260 | D:3      | Reached skill level 5 in Fighting
  5260 | D:3      | Reached skill level 6 in Long Blades
  5260 | D:3      | Reached skill level 1 in Shields
  5260 | D:3      | Your scales start taking on a fiery red colour.
  5260 | D:3      | Reached XP level 7. HP: 50/61 MP: 7/7
  5260 | D:3      | Gained mutation: Your flesh is heat resistant. (rF+) [Red
                  | Draconian growth]
  5263 | D:3      | Killed a yak
  6057 | D:5      | Reached skill level 7 in Long Blades
  6178 | D:5      | Reached *** piety under Trog
  6194 | D:5      | Reached XP level 8. HP: 63/69 MP: 8/8
  6558 | D:5      | Reached skill level 1 in Evocations
  6919 | D:5      | Noticed Menkaure
  6923 | D:5      | Killed Menkaure
  7186 | D:4      | Reached skill level 8 in Long Blades
  7269 | D:3      | Killed Sigmund
  7270 | D:3      | Reached skill level 5 in Dodging
  7270 | D:3      | Reached skill level 5 in Shields
  7292 | D:4      | Killed Blork the orc
  7293 | D:4      | Reached XP level 9. HP: 75/75 MP: 9/9
  8154 | D:6      | Found a transporter.
  8311 | D:6      | Reached skill level 9 in Long Blades
  8474 | D:6      | Found a transporter.
  8706 | D:6      | Found a runed translucent door.
  8707 | D:6      | Noticed Crazy Yiuf
  8831 | D:6      | Noticed paps's ghost (novice OpFi)
  8840 | D:6      | Found a one-way gate to the infinite horrors of the Abyss.
  8920 | D:6      | Killed Crazy Yiuf
  9474 | D:7      | Noticed Harold
  9478 | D:7      | Found a staircase to the Ecumenical Temple.
  9485 | D:7      | Mangled by Harold

Illustrated notes

Levels and vault maps discovered:
D:1:      minmay_arrival_stair_chambers, layout_loops_corners,
          ebering_ecumenical_altar_box, st_stairs_10, serial_bayou_pond_d,
          minmay_misc_feat_enclosed, dk_noncrumbling_2, nrook_loot_triangle,
          ebering_dispersal_statue_hall
D:2:      layout_basic, serial_rivers, chequers_serial_rivers_micro_a,
          chequers_serial_rivers_small_3, chequers_serial_rivers_micro_b,
          chequers_serial_rivers_micro_e, chequers_serial_rivers_small_3
D:3:      layout_basic, serial_shops, shop, uniq_natasha, uniq_sigmund
D:4:      layout_layer_cave, hangedman_abyss_or_decor_stagger, minivault_23,
          eino_curves_03, uniq_blork_the_orc
D:5:      layout_layer_cave, grunt_ministairs_9, uniq_menkaure
D:6:      layout_basic, gammafunk_ghost_abyssal_escape, uniq_crazy_yiuf_cottage
D:7:      layout_basic, minmay_temple_entry_proselytizer, uniq_harold

Skill      XL: |  1  2  3  4  5  6  7  8  9 |
---------------+----------------------------+-----
Dodging        | 3 4 5 |  5.7
Fighting       | 4 5 6 7 |  7.1
Long Blades    | 4 5 6 7 8 9 |  9.3
Shields        | 1 2 5 |  5.8
Evocations     | 1 |  1.0
Stealth        | |  0.4

Action                   |  1- 3 |  4- 6 |  7- 9 || total
-------------------------+-------+-------+-------++-------
Melee: Falchion          |   136 |   152 |   282 ||   570
       Tailslap          |     8 |    16 |    52 ||    76
       Punch             |       |     1 |       ||     1
Throw: Dart              |       |       |     2 ||     2
Invok: Berserk           |       |     5 |     6 ||    11
       Trog's Hand       |       |       |     3 ||     3
 Abil: Breathe Fire      |       |       |     5 ||     5
Evoke: Wand              |       |       |     4 ||     4
  Use: Potion            |       |       |     4 ||     4
 Stab: Sleeping          |     1 |       |       ||     1
       Distracted        |       |     1 |       ||     1
Armor: Skin              |    57 |    44 |    60 ||   161
Dodge: Dodged            |    91 |    79 |   115 ||   285
Block: Kite shield       |       |    10 |   107 ||   117
